Map: Nightscape LE

Players

Railgun

  • Race: Terran Terran
  • Spawn Location: 1:00

Addictive

  • Race: Protoss Protoss
  • League: Diamond
  • Spawn Location: 1:00

Massa - Winner!

  • Race: Terran Terran
  • League: Platinum
  • Spawn Location: 7:00

qqq - Winner!

  • Race: Zerg Zerg
  • Spawn Location: 7:00

VOD

Have the link to the VOD?

Description

Time

  • Played on: Nov. 16, 2020, 2:18 p.m.
  • Length: 7:39
Show
View Real Time Build Order
Export as new Build Order

Railgun Terran 

Build Orders: Liberator Opening 

Get SALT Encoding   

  12  0:03  SCV  
  13  0:15  SCV  
  13  0:18  Supply Depot  
  14  0:27  SCV  
  15  0:34  Refinery  
  15  0:40  SCV  
  16  0:47  Barracks  
  16  0:52  SCV  
  17  1:08  SCV  
  18  1:26  SCV  
  19  1:40  SCV  
  20  1:47  Marine  
  20  1:53  Orbital Command, Factory, Supply Depot  
  21  2:07  Marine  
  22  2:25  SCV  
  22  2:26  Barracks Tech Lab  
  23  2:31  Refinery  
  23  2:37  Starport  
  23  2:40  SCV  
  24  2:54  Command Center  
  24  2:58  SCV  
  24  3:00  Marine  
  26  3:10  SCV  
  27  3:19  Marine  
  28  3:20  Fusion Core  
  28  3:25  SCV  
  29  3:31  Supply Depot  
  29  3:40  Liberator  
  32  3:47  SCV  
  33  3:53  Marine  
  34  3:56  Widow Mine  
  34  3:59  SCV  
  37  4:07  Command Center  
  37  4:10  Orbital Command  
  29  4:42  Banshee  
  25  5:29  Banshee  
  25  5:33  Widow Mine  
  30  5:36  SCV  
  30  5:37  SCV  
  32  5:49  SCV x2  
  34  6:05  SCV x3  
  37  6:13  Refinery  
  37  6:17  SCV x3  
  40  6:23  Battlecruiser  
  46  6:29  SCV  
  46  6:32  Refinery  
  47  6:36  SCV  
  48  6:46  Starport  
  48  6:48  Supply Depot  
  48  6:50  Supply Depot  
  48  6:53  Engineering Bay  
  48  6:55  SCV x2  
  50  7:07  SCV  
Show
View Real Time Build Order
Export as new Build Order

Addictive Protoss 

Build Orders: 1 Gate Expand 

Get SALT Encoding   

  12  0:00  Probe  
  13  0:12  Probe  
  14  0:19  Pylon  
  14  0:24  Probe  
  15  0:37  Probe, Gateway  
  16  0:47  Assimilator  
  16  0:49  Probe  
  17  1:01  Probe  
  18  1:13  Probe  
  19  1:28  Probe  
  19  1:33  Nexus  
  19  1:36  Pylon  
  19  1:46  Cybernetics Core  
  19  1:56  Probe  
  20  2:05  Zealot (Chrono Boost)  
  22  2:11  Probe  
  23  2:23  Probe  
  24  2:32  Stargate, Adept (Chrono Boost)  
  24  2:35  Probe  
  27  2:40  Pylon  
  27  2:46  Probe  
  27  2:47  Probe  
  29  2:56  Assimilator  
  29  2:58  Probe  
  30  3:00  Probe  
  31  3:07  Void Ray (Chrono Boost)  
  31  3:08  Shield Battery  
  31  3:10  Probe  
  31  3:12  Probe  
  37  3:22  Probe, Adept  
  37  3:24  Probe  
  41  3:30  Assimilator  
  41  3:34  Probe  
  41  3:36  Probe  
  43  3:46  Probe  
  43  3:48  Probe  
  45  3:49  Pylon  
  45  3:58  Probe  
  45  4:01  Oracle (Chrono Boost)  
  49  4:03  Probe  
  49  4:07  Pylon  
  49  4:08  Assimilator  
  50  4:10  Probe  
  50  4:15  Stalker (Chrono Boost)  
  40  4:35  Oracle (Chrono Boost)  
  31  5:22  Stalker  
  30  5:31  Probe (Chrono Boost)  
  30  5:36  Probe (Chrono Boost)  
  30  5:41  Probe (Chrono Boost)  
  23  5:45  Probe (Chrono Boost)  
  23  5:46  Probe (Chrono Boost)  
  22  5:55  Probe (Chrono Boost)  
  23  5:59  Probe (Chrono Boost)  
  24  6:05  Oracle  
  24  6:06  Probe (Chrono Boost)  
  24  6:08  Probe (Chrono Boost)  
  29  6:11  Probe (Chrono Boost)  
  29  6:12  Probe (Chrono Boost)  
  31  6:21  Probe (Chrono Boost)  
  33  6:28  Probe (Chrono Boost)  
  34  6:33  Probe (Chrono Boost)  
  34  6:38  Probe x2 (Chrono Boost)  
  36  6:48  Probe x2  
  38  7:00  Probe x2  
  24  7:12  Probe x2  
  26  7:24  Probe x2  
Show
View Real Time Build Order
Export as new Build Order

Massa Terran - Winner!

Build Orders:  

Get SALT Encoding   

  12  0:01  SCV  
  13  0:13  SCV  
  14  0:23  Supply Depot  
  14  0:25  SCV  
  15  0:31  Refinery  
  15  0:45  SCV, Barracks  
  16  0:57  SCV  
  17  1:09  SCV  
  18  1:13  Barracks  
  18  1:21  SCV  
  18  1:38  SCV  
  19  1:50  SCV  
  20  2:02  Reaper  
  22  2:24  Orbital Command  
  21  2:34  Reaper  
  22  2:39  Reaper  
  22  2:43  Supply Depot  
  23  2:45  Command Center  
  23  2:54  Supply Depot  
  23  2:56  SCV  
  23  3:04  Factory  
  23  3:17  Barracks Reactor  
  23  3:31  Engineering Bay  
  23  3:32  Refinery  
  23  3:34  Command Center  
  23  3:37  SCV  
  24  3:41  Barracks Tech Lab  
  24  3:49  SCV  
  25  3:59  Marine x3  
  25  4:01  Orbital Command  
  29  4:02  SCV  
  29  4:16  Marine  
  30  4:53  Marauder, Marine x2  
  34  5:11  Marine x2  
  34  5:15  Marauder  
  34  5:17  Factory Tech Lab  
  34  5:19  Stimpack  
  35  5:24  Starport  
  35  5:27  Orbital Command  
  35  5:28  SCV x2  
  35  5:29  Marine  
  35  5:30  Starport x2  
  35  5:32  Missile Turret  
  38  5:36  Missile Turret  
  38  5:40  SCV  
  38  5:41  SCV  
  40  5:47  Marine  
  40  5:48  Marine x2  
  43  5:52  SCV x2  
  43  5:53  SCV  
  46  6:02  Refinery  
  46  6:04  SCV  
  46  6:05  Refinery, SCV x2, Starport Reactor, Marine  
  46  6:07  Viking x2  
  54  6:13  Missile Turret  
  54  6:16  SCV  
  55  6:23  Missile Turret  
  55  6:25  Cyclone  
  58  6:29  Missile Turret  
  58  6:37  Viking  
  58  6:39  SCV x3  
  63  6:46  Marine x3  
  65  6:51  SCV x2  
  68  7:04  Marine  
  68  7:06  Supply Depot  
  68  7:07  Supply Depot x2  
Show
View Real Time Build Order
Export as new Build Order

qqq Zerg - Winner!

Build Orders: Hatch First 

Get SALT Encoding   

  12  0:00  Drone  
  13  0:08  Drone  
  14  0:20  Overlord  
  14  0:47  Hatchery  
  13  0:51  Drone  
  13  0:52  Drone  
  13  0:55  Drone  
  16  1:19  Drone  
  16  1:20  Spawning Pool  
  16  1:22  Extractor  
  15  1:28  Drone x2  
  17  1:53  Drone x2  
  19  2:06  Extractor  
  19  2:07  Drone  
  19  2:09  Overlord  
  19  2:10  Queen  
  19  2:11  Queen  
  19  2:13  Drone  
  24  2:17  Drone  
  24  2:21  Zergling x2  
  26  2:30  Zergling x2  
  26  2:33  Metabolic Boost  
  26  2:34  Drone  
  26  2:36  Drone  
  29  2:40  Zergling x2  
  29  2:43  Zergling x2  
  31  2:50  Zergling x2  
  32  3:00  Zergling x2  
  33  3:07  Zergling x2  
  33  3:12  Overlord  
  34  3:14  Zergling x2  
  34  3:17  Zergling x2  
  36  3:20  Hatchery  
  36  3:24  Overlord  
  36  3:26  Zergling x2  
  36  3:30  Zergling x2  
  36  3:31  Zergling x2  
  38  3:34  Zergling x2  
  38  3:38  Zergling x2  
  40  3:43  Zergling x2  
  41  3:52  Zergling x2  
  41  3:53  Zergling x4  
  41  3:54  Drone x2  
  46  4:00  Zergling x2  
  46  4:01  Zergling x2  
  46  4:02  Drone  
  44  4:23  Zergling x6  
  46  4:24  Zergling x4  
  44  4:38  Zergling x6  
  45  4:39  Drone, Zergling x2  
  44  4:46  Lair  
  42  4:58  Zergling x4  
  42  4:59  Drone x4  
  48  5:16  Zergling x4  
  48  5:17  Zergling x4  
  48  5:18  Drone x4  
  48  5:19  Drone  
  48  5:20  Extractor  
  56  5:22  Extractor  
  48  5:39  Drone x3, Zergling x4  
  48  5:40  Zergling x4  
  49  5:59  Zergling x4  
  49  6:00  Drone x5  
  49  6:03  Extractor  
  55  6:09  Extractor  
  55  6:10  Drone  
  55  6:11  Spore Crawler  
  55  6:12  Hatchery, Spire  
  55  6:14  Spore Crawler  
  51  6:22  Overseer  
  51  6:25  Drone  
  52  6:30  Queen  
  52  6:32  Spore Crawler  
  53  6:36  Drone x3  
  53  6:37  Drone x2  
  53  6:38  Overlord x2  
  57  7:05  Spore Crawler  
  57  7:06  Drone x2  
Tags
 
Add a new tag
Caveats
  • Supply blocks, unpowered buildings, or Contaminate may cause inaccurate times.
  • Supply counts are checked every 10 seconds.